AoeStats
← SuckinFahts

MegaRandom

505160832Analyzed
1v1 RM · 25d ago on Sep 8, 2026· 37m 37s· 2 players
Game mode
Random Map
Map size
Tiny (2 player)
Population
200
Speed
Normal
Resources
Standard
Victory
Conquest
Starting age
Dark Age
Ending age
Imperial Age
RankedLock teamsTeams togetherTeam positionsShared explorationLock speedFull tech treeHidden civsTurbo modeCheats
Victory
Defeat
🇺🇸 Khitans · United States
884
+15
🇺🇾 Celts · Uruguay
852
-15
Sir_Bolso1899
8:54 Loom
13:15 Feudal Age
13:44 Town Watch
13:47 Double-Bit Axe
13:46 Horse Collar
21:27 Castle Age
21:25 Gold Mining
21:38 Stone Mining
24:34 Wheelbarrow
SuckinFahts
6:32 Loom
11:55 Feudal Age
14:57 Double-Bit Axe
16:47 Domestication
22:30 Wheelbarrow
24:37 Castle Age
24:44 Wheelbarrow
23:58 Town Watch
26:23 Forging
27:24 Pikeman
33:02 Hand Cart
32:59 Bow Saw
32:54 Pastoralism
34:27 Fletching
35:44 Iron Casting
36:51 Town Patrol
Connection lost

Rejoining the realm…

Still unreachable

The connection could not be restored.

Session expired

The server has moved on; the page needs a fresh start.